 Dungeon Crawl Stone Soup version 0.28-a0-1518-gbe868bca14 (webtiles) character file.

Game seed: 16188015378861498205

6906 dracfodder the Destroyer (level 11, -2/74 HPs)
             Began as a Human Conjurer on Jan 16, 2022.
             Was a Believer of Vehumet.
             Slain by Erolcha (18 damage)
             ... on level 10 of the Dungeon.
             The game lasted 01:32:13 (14579 turns).

dracfodder the Destroyer (Human Conjurer)          Turns: 14579, Time: 01:32:14

Health: -2/74      AC:  7    Str:  7    XL:     11   Next: 27%
Magic:  22/23      EV: 14    Int: 23    God:    Vehumet [**....]
Gold:   750        SH:  5    Dex: 18    Spells: 11/26 levels left

rFire   . . .      SeeInvis .   w - +4 halberd of Gloom {speed, +Blink rC+ Will+ Stlth+}
rCold   + . .      Faith    .   (shield currently unavailable)
rNeg    . . .      Spirit   .   g - +0 robe
rPois   +          Reflect  +   (no helmet)
rElec   .          Harm     .   v - +2 cloak
rCorr   .          Rampage  .   (no gloves)
Will    +....                   E - +1 pair of boots
Stlth   ++++......              r - amulet of reflection
HPRegen 0.22/turn               b - +6 ring of dexterity
MPRegen 0.18/turn               u - ring of poison resistance

@: no status effects
A: no striking features
a: Renounce Religion, Evoke Blink


You were on level 10 of the Dungeon.
You worshipped Vehumet.
Vehumet was pleased with you.
You visited 4 branches of the dungeon, and saw 15 of its levels.
You visited the Abyss 1 time.

You collected 868 gold pieces.
You spent 118 gold pieces at shops.

Inventory:

Hand Weapons
 a - a +4 short sword of flaming
 w - the +4 halberd of Gloom (weapon) {speed, +Blink rC+ Will+ Stlth+}
   (You acquired it on level 5 of the Dungeon)

   Attacks with this weapon are significantly faster.
   rC:        It protects you from cold.
   +Blink:    It lets you blink.
   Will:      It increases your willpower.
   Stlth:     It makes you more stealthy.
Missiles
 e - 130 sling bullets
 f - 270 stones
 m - 162 arrows
 p - 4 boomerangs
 x - 3 datura-tipped darts
 C - 53 bolts
 G - 18 poisoned darts
Armour
 g - a +0 robe (worn)
 v - a +2 cloak (worn)
 E - a +1 pair of boots (worn)
Jewellery
 b - a +6 ring of dexterity (left hand)
 j - a ring of protection from cold
 r - an amulet of reflection (around neck)
 u - a ring of poison resistance (right hand)
Wands
 y - a wand of charming (7)
 H - a wand of paralysis (6)
 J - a wand of polymorph (7)
 K - a wand of mindburst (5)
Scrolls
 l - 3 scrolls of magic mapping
 q - a scroll of amnesia
 t - 2 scrolls of fog
 B - 5 scrolls of identify
 D - 3 scrolls of fear
 F - a scroll of holy word {unknown}
 I - a scroll of blinking
Potions
 c - 4 potions of curing
 d - 3 potions of flight
 h - 2 potions of might
 i - a potion of magic
 k - a potion of resistance
 n - a potion of lignification
 o - 2 potions of haste
 s - 3 potions of ambrosia
 A - 2 potions of brilliance


   Skills:
 + Level 2.9 Fighting
 + Level 2.1 Short Blades
 + Level 0.2 Maces & Flails
 + Level 4.7 Polearms
 + Level 4.3 Dodging
 + Level 4.3 Stealth
 + Level 2.3 Shields
 * Level 8.3 Spellcasting
 * Level 11.2 Conjurations
 + Level 2.6 Hexes
 + Level 1.1 Fire Magic
 + Level 0.1 Poison Magic
 + Level 0.5 Evocations


You had 11 spell levels left.
You knew the following spells:

 Your Spells              Type           Power      Damage    Failure   Level
a - Magic Dart            Conj           100%       1d8       1%          1
b - Searing Ray           Conj           100%       2d8       1%          2
c - Dazzling Flash        Conj/Hex       82%        N/A       1%          3
d - Mephitic Cloud        Conj/Pois/Air  27%        N/A       4%          3
e - Fulminant Prism       Conj/Hex       20%        3d13      3%          4
f - Scorch                Fire           28%        2d6       6%          2

Your spell library contained the following spells:

 Spells                   Type           Power      Damage    Failure   Level
 Summon Small Mammal      Summ           36%        N/A       7%          1
 Tukima's Dance           Hex            21%        N/A       7%          3
 Iskenderun's Mystic Bla  Conj/Tloc      35%        2d8       7%          4
 Summon Guardian Golem    Hex/Summ       15%        N/A       12%         3
 Ignite Poison            Fire/Tmut/Pois 11%        N/A       17%         3
 Call Canine Familiar     Summ           9%         N/A       21%         3
 Freezing Cloud           Conj/Ice/Air   13%        6-21      36%         5
 Passage of Golubria      Tloc           9%         N/A       54%         4
 Silence                  Hex/Air        7%         N/A       71%         5
 Yara's Violent Unravell  Hex/Tmut       7%         3d5       71%         5
 Agony                    Necr           9%         N/A       88%         5


Dungeon Overview and Level Annotations

Branches:
Dungeon (11/15)            Temple (1/1) D:5            Lair (1/6) D:9
    Orc (2/2) D:9
    Elf: Orc:2

Altars:
Ashenzari
Cheibriados
Dithmenos
Elyvilon
Fedhas
Gozag
Hepliaklqana
Kikubaaqudgha
Makhleb
Nemelex Xobeh
Okawaru
Qazlal
Ru
Sif Muna
Trog
Uskayaw
Vehumet
Wu Jian
Xom
Yredelemnul
Zin
The Shining One

Shops:
D:3 [   D:4 *

Annotations:
D:10 Erolcha


Message History

Aim: a raiju (74% to hit)
The searing ray hits the raiju!
The raiju is moderately wounded. (Press . to maintain the ray.)
The raiju bites you! The raiju shocks you!
The searing ray hits the raiju!
The raiju is severely wounded.
The raiju closely misses you.
The searing ray hits the raiju.
The raiju is severely wounded.
The raiju bites you but does no damage.
The searing ray hits the raiju!
You kill the raiju!
That felt strangely unrewarding.
You finish channelling your searing ray.
You start resting.
A raiju is nearby!
Found a gateway leading deeper into the Abyss.
There is a gateway leading deeper into the Abyss here.
You can't go up here!
Found a gateway leading deeper into the Abyss.
A wretched star comes into view.
Found a gateway leading out of the Abyss.
A large abomination comes into view.
There is a gateway leading out of the Abyss here.
You pass through the gate.
Welcome back to the Dungeon!
Level annotation: Erolcha
There is an open door here.
Erolcha gestures wildly while chanting.
Erolcha flickers and vanishes!
Deactivating autopickup; reactivate with Ctrl-A.
You see here a +0 leather armour.
You start resting.
There is a strange disturbance nearby!
You barely miss something. Something hits you!!
* * * LOW HITPOINT WARNING * * *
You closely miss something. Something hits you but does no damage.
You hit something. Something hits you!!
You die...

#............#..#.#.
#............'##).#.
#...........)#..#.#.
#............#..#.'.
#...........>'..'###
#............#..#..
######'#######..#...
######.# ###'###
#.{@...# .# #'######
. #.........
#.........
#.........
#.........
#.........
#.......{.
#.........


There were no monsters in sight!

Vanquished Creatures
  A two-headed ogre (D:6)
  A hornet (D:9)
  A raiju (Abyss:1)
  A shadow (D:9)
  9 yaks
  4 vampire mosquitoes
  A warg (D:9)
  3 water moccasins
  A sky beast (D:8)
  9 orc warriors
  2 black bears
  An ogre (D:4)
  4 centaurs
  3 bullfrogs
  A small abomination (Abyss:1)
  A kobold brigand (D:7)
  A wyvern zombie (D:5)
  A gnoll sergeant (D:10)
  A water moccasin skeleton (D:5)
  5 wights
  2 howler monkeys
  3 centaur zombies
  3 bullfrog zombies
  4 jellies
  6 orc priests
  A bullfrog skeleton (D:6)
  4 hounds
  Jessica (D:3)
  5 iguanas
  Ijyb (D:5)
  9 orc wizards
  A howler monkey zombie (D:8)
  5 gnolls
  9 adders
  A white imp (D:6)
  An adder skeleton (D:5)
  2 worms
  A dart slug (D:3)
  47 orcs
  11 endoplasms
  4 giant cockroaches
  4 goblins (D:1)
  11 hobgoblins
  10 jackals
  5 quokkas
  9 ball pythons
  4 bats
  5 frilled lizards
  10 kobolds
  8 rats
238 creatures vanquished.

Vanquished Creatures (collateral kills)
  A yak (D:9)
  An orc (D:9)
2 creatures vanquished.

Vanquished Creatures (others)
  An orc wizard (D:8)
  34 fulminant prisms
  8 fungi (D:9)
  11 plants
54 creatures vanquished.

Grand Total: 294 creatures vanquished

Notes
Turn   | Place    | Note
-------+----------+-------------------------------------------
     0 | D:1      | dracfodder the Human Conjurer began the quest for the Orb.
     0 | D:1      | Reached XP level 1. HP: 13/13 MP: 3/3
   227 | D:1      | Reached XP level 2. HP: 19/19 MP: 0/5
   230 | D:1      | Learned a level 2 spell: Searing Ray
   734 | D:1      | Reached XP level 3. HP: 24/24 MP: 2/6
   738 | D:1      | Learned a level 3 spell: Dazzling Flash
  1640 | D:2      | You fall into a shaft and drop 1 floor!
  1662 | D:3      | Reached XP level 4. HP: 30/30 MP: 4/7
  1681 | D:3      | Reached skill level 5 in Conjurations
  1890 | D:3      | Found a faded altar of an unknown god.
  1961 | D:3      | Noticed Jessica
  1963 | D:3      | Killed Jessica
  1964 | D:3      | Reached XP level 5. HP: 35/35 MP: 5/8
  2459 | D:3      | Found Xiam's Antique Armour Emporium.
  3530 | D:3      | Learned a level 3 spell: Mephitic Cloud
  3754 | D:4      | Reached XP level 6. HP: 37/41 MP: 2/10
  3759 | D:4      | Reached skill level 1 in Short Blades
  3889 | D:5      | Entered Level 5 of the Dungeon
  3895 | D:5      | Noticed Ijyb
  4067 | D:4      | Found Dalydak's Assorted Antiques.
  4325 | D:4      | Reached skill level 6 in Conjurations
  4396 | D:4      | Noticed an ogre
  4407 | D:4      | Killed an ogre
  5011 | D:4      | Reached XP level 7. HP: 34/47 MP: 6/11
  5298 | D:4      | Bought a scroll labelled RAULEU XEG VAUSIZ for 18 gold
                  | pieces
  5298 | D:4      | Bought a scroll labelled INOKKA TIMER for 18 gold pieces
  5298 | D:4      | Bought a scroll labelled ASOSUM YSTOUG for 18 gold pieces
  5298 | D:4      | Bought 3 metallic blue potions for 48 gold pieces
  5298 | D:4      | Bought a murky pink potion for 16 gold pieces
  5601 | D:5      | Identified a scroll of acquirement
  5601 | D:5      | Acquired the +4 halberd of Gloom {speed, +Blink rC+ Will+
                  | Stlth+}
  5943 | D:5      | Killed Ijyb
  6121 | D:6      | Reached skill level 7 in Conjurations
  6130 | D:5      | Learned a level 4 spell: Fulminant Prism
  6478 | D:6      | Reached XP level 8. HP: 49/53 MP: 3/13
  6722 | D:6      | Reached skill level 1 in Polearms
  7202 | D:6      | Reached skill level 1 in Fighting
  7307 | D:6      | Noticed a two-headed ogre
  7322 | D:6      | Killed a two-headed ogre
  7323 | D:6      | Reached skill level 1 in Shields
  7323 | D:6      | Reached skill level 8 in Conjurations
  7323 | D:6      | Reached skill level 1 in Hexes
  7323 | D:6      | Reached XP level 9. HP: 37/60 MP: 4/16
  8274 | D:7      | Identified the +11 falchion of Extinguishment {antimagic,
                  | rCorr}
  8285 | D:7      | Found a glowing silver altar of Zin.
  8285 | D:7      | Found a radiant altar of Vehumet.
  8287 | D:7      | Found a burning altar of Makhleb.
  8294 | D:7      | Reached skill level 5 in Spellcasting
  8297 | D:7      | Found an ancient bone altar of Kikubaaqudgha.
  8310 | D:7      | Became a worshipper of Vehumet
  8323 | D:7      | Found a blossoming altar of Fedhas.
  8484 | D:7      | Found a basalt altar of Yredelemnul.
  9212 | D:8      | Reached skill level 9 in Conjurations
 10249 | D:8      | Upgraded the game from 0.28-a0-1510-gd0f6b136d3 to
                  | 0.28-a0-1518-gbe868bca14
 10469 | D:5      | Found a staircase to the Ecumenical Temple.
 10513 | Temple   | Entered the Ecumenical Temple
 10690 | D:8      | Reached XP level 10. HP: 32/67 MP: 3/19
 11067 | D:9      | Reached * piety under Vehumet
 11067 | D:9      | Offered knowledge of Sandblast by Vehumet.
 11186 | D:8      | Reached skill level 10 in Conjurations
 11620 | D:9      | Found a staircase to the Orcish Mines.
 11841 | D:9      | Found a sparkling altar of Nemelex Xobeh.
 12033 | D:9      | Identified the +1 leather armour of the Stone Wall {rElec}
 12160 | D:10     | Entered Level 10 of the Dungeon
 12503 | D:9      | Found a staircase to the Lair.
 12678 | Lair:1   | Entered Level 1 of the Lair of Beasts
 12678 | Lair:1   | Noticed a cane toad
 12705 | Orc:1    | Entered Level 1 of the Orcish Mines
 12736 | Orc:2    | Entered Level 2 of the Orcish Mines
 13091 | D:9      | Reached XP level 11. HP: 48/74 MP: 4/22
 13106 | D:9      | Offered knowledge of Scorch by Vehumet.
 13107 | D:9      | Reached skill level 11 in Conjurations
 13110 | D:9      | Learned a level 2 spell: Scorch
 13607 | D:10     | Found a shimmering blue altar of Sif Muna.
 13673 | D:10     | Reached ** piety under Vehumet
 14060 | D:10     | Found a bloodstained altar of Trog.
 14097 | D:10     | Reached skill level 1 in Fire Magic
 14483 | D:10     | Noticed Erolcha
 14487 | D:10     | Cast into level 1 of the Abyss (Erolcha)
 14558 | Abyss:1  | Noticed a wretched star
 14567 | D:10     | Escaped the Abyss
 14579 | D:10     | Slain by Erolcha

Illustrated notes

Levels and vault maps discovered:
D:1:      minmay_arrival_cross, layout_basic, serial_bayou_pond_d
D:2:      layout_basic, nicolae_underground_beach
D:3:      layout_rooms, serial_shops, nicolae_lakefront_shop,
          dreamdust_ecumenical_altar_statues, minmay_fractal_squares_diagonal_5,
          uniq_jessica
D:4:      layout_basic, serial_shops, nicolae_inconvenience_store,
          grunt_ministairs_11
D:5:      layout_rooms, minmay_temple_entry_enclosed_plants, uniq_ijyb
D:6:      layout_basic
D:7:      layout_basic, lemuel_crystal_altar, mainiacjoe_overflow_catwalk,
          grunt_temple_overflow_open
D:8:      layout_cave_pools, wad_floor_pattern_untrapped
D:9:      layout_cross, mainiacjoe_overflow_concentric_impassable,
          grunt_lair_entry_orc_guard_hut, david_orc_3
D:10:     layout_roguey [special_room_orc], mainiacjoe_overflow_24_doors,
          lemuel_tele_altar, uniq_erolcha
D:11:     layout_grid_maze
Temple:   cyrus_circular_temple
Lair:1:   layout_loops_ring, uniq_joseph, uniq_urug
Orc:1:    layout_caves
Orc:2:    st_orc_mages, layout_diamond_mine, uniq_nessos

Skill      XL: |  1  2  3  4  5  6  7  8  9 10 11 |
---------------+----------------------------------+-----
Conjurations   | 5 6 7 8 9 10 11 | 11.2
Short Blades   | 1 2 |  2.1
Spellcasting   | 3 4 6 7 8 |  8.3
Stealth        | 3 4 |  4.3
Polearms       | 3 4 |  4.7
Fighting       | 1 2 |  2.9
Shields        | 1 2 |  2.3
Hexes          | 1 2 |  2.6
Dodging        | 3 4 |  4.3
Fire Magic     | 1 |  1.1
Maces & Flails | |  0.2
Poison Magic   | |  0.1
Evocations     | |  0.5

Action                   |  1- 3 |  4- 6 |  7- 9 | 10-12 || total
-------------------------+-------+-------+-------+-------++-------
Melee: Club              |     2 |       |       |       ||     2
       Whip              |    14 |       |       |       ||    14
       Short sword       |       |    26 |       |       ||    26
       Punch             |       |     1 |       |       ||     1
       Halberd           |       |       |    41 |    86 ||   127
 Cast: Magic Dart        |    42 |    80 |    57 |    31 ||   210
       Searing Ray       |    15 |    21 |    35 |    50 ||   121
       Dazzling Flash    |     1 |       |       |     7 ||     8
       Mephitic Cloud    |       |     1 |     1 |       ||     2
       Fulminant Prism   |       |       |    19 |    15 ||    34
       Scorch            |       |       |       |     9 ||     9
 Abil: Evoke Blink       |       |       |       |     1 ||     1
Evoke: Wand              |       |       |       |     3 ||     3
  Use: Scroll            |     5 |     9 |    10 |     1 ||    25
       Potion            |       |       |     2 |     5 ||     7
 Stab: Sleeping          |       |       |     1 |       ||     1
       Invisible         |       |       |       |     1 ||     1
Armor: Robe              |     5 |     6 |    10 |    38 ||    59
Dodge: Dodged            |    12 |    21 |    33 |   153 ||   219
Block: Other             |       |     2 |    15 |    51 ||    68
       Reflection        |       |       |     3 |       ||     3

Table legend: (Time is in decaauts)
 A = Elapsed time spent in this place.
 B = Non-inter-level travel time spent in this place.
 C = Inter-level travel time spent in this place.
 D = Time resting spent in this place.
 E = Time spent auto-exploring this place.
 F = Levels seen in this place.
 G = Mean time per level.
                   A        B        C        D        E       F      G
               +--------+--------+--------+--------+--------+-----+--------+
         Total |  14580 |  14131 |    449 |   6319 |   5103 |  16 |  911.2 |
       Dungeon |  14085 |  13644 |    441 |   6146 |   5036 |  11 | 1280.5 |
        Temple |     65 |     57 |      8 |      0 |     42 |   1 |   65.0 |
          Lair |      1 |      1 |      0 |      0 |      0 |   1 |    1.0 |
  Orcish Mines |    348 |    348 |      0 |    171 |     25 |   2 |  174.0 |
         Abyss |     79 |     79 |      0 |      2 |      0 |   1 |   79.0 |
               +--------+--------+--------+--------+--------+-----+--------+

Top non-repeatable levels by time:
     D:6: 1813 daAuts
     D:8: 1753 daAuts
     D:4: 1726 daAuts
     D:9: 1697 daAuts
     D:3: 1422 daAuts
     D:1: 1405 daAuts
     D:5: 1127 daAuts
    D:10: 1098 daAuts
     D:7: 1087 daAuts
     D:2: 922 daAuts
   Orc:1: 338 daAuts
 Abyss:1: 79 daAuts
  Temple: 65 daAuts
    D:11: 31 daAuts
   Orc:2: 9 daAuts
